 Seeded DCSS version 0.30.1-9-gdf580d7c3d (webtiles) character file.

Game seed: 6351066067085065685 (custom seed)

109 Esekla the Magician (level 4, -6/24 HPs)
             Began as a Deep Elf Wanderer on Oct 17, 2023.
             Was a Follower of Vehumet.
             Mangled by an iguana (11 damage)
             ... on level 2 of the Dungeon.
             The game lasted 00:22:16 (2522 turns).

Esekla the Magician (Deep Elf Wanderer)             Turns: 2522, Time: 00:22:17

Health: -6/24      AC:  4    Str: 11    XL:     4   Next: 60%
Magic:  1/13       EV: 11    Int: 20    God:    Vehumet [*.....]
Gold:   195        SH:  4    Dex: 11    Spells: 7/14 levels left

rFire   . . .        a - +1 short sword (freeze)
rCold   . . .        d - +0 buckler
rNeg    . . .        c - +0 robe
rPois   .            m - +0 helmet
rElec   .            (no cloak)
rCorr   .            l - +0 pair of gloves
SInv    .            (no boots)
Will    .....        t - amulet of magic regeneration
Stlth   ++           (no ring)
HPRegen 0.24/turn    (no ring)
MPRegen 0.53/turn

%: no passive effects
@: very slightly contaminated
A: no striking features
a: Renounce Religion


You were on level 2 of the Dungeon.
You worshipped Vehumet.
Vehumet was aware of your devotion.
You visited 1 branch of the dungeon, and saw 5 of its levels.

You collected 195 gold pieces.

Inventory:

Hand Weapons
 a - a +1 short sword of freezing (weapon)
 r - a +0 trident
Missiles
 u - 7 poisoned darts (quivered)
Armour
 c - a +0 robe (worn)
 d - a +0 buckler (worn)
 l - a +0 pair of gloves (worn)
 m - a +0 helmet (worn)
Jewellery
 t - an amulet of magic regeneration (around neck)
Wands
 i - a wand of roots (9)
Scrolls
 g - 3 scrolls of identify {unknown}
 o - 2 scrolls of enchant weapon {unknown}
 p - a scroll of amnesia {unknown}
 q - a scroll of silence {unknown}
 v - a scroll of summoning {unknown}
 w - a scroll of magic mapping {unknown}
 x - a scroll of enchant armour {unknown}
 y - a scroll of fog {unknown}
 z - a scroll of blinking {unknown}
Potions
 b - 2 potions of lignification
 e - a potion of ambrosia {unknown}
 f - 2 potions of attraction {unknown}
 h - a potion of heal wounds {unknown}
 j - 3 potions of curing {unknown}
 k - a potion of haste {unknown}
 n - a potion of mutation {unknown}
 s - 3 potions of brilliance {unknown}


   Skills:
 + Level 0.8 Short Blades
 * Level 1.9 Dodging
 + Level 1.4 Stealth
 + Level 1.9 Shields
 * Level 5.7 Spellcasting
 + Level 0.5 Conjurations
 * Level 2.0 Necromancy
 + Level 2.4 Translocations
 + Level 1.0 Invocations


You had 7 spell levels left.
You knew the following spells:

 Your Spells              Type           Power      Damage    Failure   Level
a - Magic Dart            Conj           32%        1d4       12%         1
b - Blink                 Tloc           30%        N/A       9%          2
d - Vampiric Draining     Necr           13%        2d6       21%         3
p - Apportation           Tloc           30%        N/A       6%          1

Your spell library contained the following spells:

 Spells                   Type           Power      Damage    Failure   Level
 Freeze                   Ice            20%        1d4       16%         1
 Lesser Beckoning         Tloc           30%        N/A       9%          2
 Gell's Gravitas          Tloc           15%        N/A       17%         3
 Teleport Other           Tloc           15%        N/A       17%         3
 Ignite Poison            Fire/Tmut/Pois 5%         N/A       43%         3
 Spider Form              Tmut/Pois      5%         N/A       43%         3
 Cause Fear               Hex            2%         N/A       83%         4
 Summon Mana Viper        Hex/Summ       5%         N/A       99%         5


Dungeon Overview and Level Annotations

Branches:
Dungeon (5/15)
 Temple: D:4-7

Altars:
Dithmenos
Okawaru
Vehumet
Zin

Shops:
D:2 =   D:4 (

Annotations:
D:2 faded bear


Message History

You are very lightly contaminated with residual magic.
Nothing appears to happen.
The iguana barely misses you.
Casting: Vampiric Draining (extremely dangerous; 21% risk of failure)
Confirm with . or Enter, or press ? or * to list all spells.
The spell is extremely dangerous to miscast (21% risk of failure)!
Continue anyway?
Aiming: Vampiric Draining (extremely dangerous; 21% risk of failure)
Press: ? - help, Shift-Dir - straight line, f/p - iguana
Aim: an iguana You draw life force from the iguana.
You feel life coursing into your body. The iguana bites you!
Casting: Vampiric Draining (extremely dangerous; 21% risk of failure)
Confirm with . or Enter, or press ? or * to list all spells.
The spell is extremely dangerous to miscast (21% risk of failure)!
Continue anyway?
Aiming: Vampiric Draining (extremely dangerous; 21% risk of failure)
Press: ? - help, Shift-Dir - straight line, f/p - iguana
Aim: an iguana (moderately wounded)
You draw life force from the iguana.
You feel life coursing into your body.
You feel stable enough to blink again. The iguana barely misses you.
Casting: Vampiric Draining (extremely dangerous; 21% risk of failure)
Confirm with . or Enter, or press ? or * to list all spells.
The spell is extremely dangerous to miscast (21% risk of failure)!
Continue anyway?
Aiming: Vampiric Draining (extremely dangerous; 21% risk of failure)
Press: ? - help, Shift-Dir - straight line, f/p - iguana
Aim: an iguana (heavily wounded)
You draw life force from the iguana.
You feel life coursing into your body. The iguana bites you!
* * * LOW HITPOINT WARNING * * *
Casting: Vampiric Draining (extremely dangerous; 21% risk of failure)
Confirm with . or Enter, or press ? or * to list all spells.
The spell is extremely dangerous to miscast (21% risk of failure)!
Continue anyway?
Aiming: Vampiric Draining (extremely dangerous; 21% risk of failure)
Press: ? - help, Shift-Dir - straight line, f/p - iguana
Aim: an iguana (severely wounded)
You miscast Vampiric Draining.
Nothing appears to happen.
The iguana barely misses you.
You hit the iguana but do no damage.
The iguana is severely wounded.
The iguana bites you!
You die...

#######.###.####....#
..................#.##
>....##..#.[####...... ####.
#..#..####....## #.
#..#......[...##
###.##..#..#####...## #. #.
........#..# #...##
.###..####.......∩# #.....
.....# #.@####.## ##..##
.....####l.####.# #.....
................######...##
#...((........#.....#..#
#.#####.####..#######.####...##
#.............# #.# ##....
######.####..# #.# #.###
#.##....## #.# #.#
#######.##<....######.#####.#


You could see an iguana.

Vanquished Creatures
  3 gnolls
  3 adders
  2 dart slugs
  3 orcs (D:4)
  5 ball pythons (D:1)
  4 endoplasms
  8 goblins
  3 hobgoblins
  A quokka (D:1)
  4 bats
  4 frilled lizards
  5 kobolds
  A rat (D:2)
46 creatures vanquished.

Notes
Turn   | Place    | Note
-------+----------+-------------------------------------------
     0 | D:1      | Esekla the Deep Elf Wanderer began the quest for the Orb.
     0 | D:1      | Esekla set off with the following items: a +0 club, a
                  | potion of lignification, a +0 robe, a +0 buckler; and the
                  | following spells available to memorise: Apportation, Blink,
                  | Lesser Beckoning, Magic Dart, Ignite Poison, Vampiric
                  | Draining.
     0 | D:1      | Reached XP level 1. HP: 10/10 MP: 7/7
     2 | D:1      | Learned a level 1 spell: Magic Dart
     4 | D:1      | Learned a level 1 spell: Apportation
   226 | D:2      | Found Renulab's Jewellery Shop.
   573 | D:4      | Found a radiant altar of Vehumet.
   581 | D:4      | Found an iron altar of Okawaru.
   593 | D:4      | Found a glowing silver altar of Zin.
   756 | D:4      | Became a worshipper of Vehumet
   931 | D:3      | Reached XP level 2. HP: 15/15 MP: 1/9
  1042 | D:4      | Found Ponaysk's Antique Weapon Boutique.
  1135 | D:4      | Learned a level 2 spell: Blink
  1153 | D:5      | Entered Level 5 of the Dungeon
  1157 | D:5      | Got the Parchment of the Lumpy Olives
  1186 | D:5      | Found a shadowy altar of Dithmenos.
  1242 | D:5      | Reached skill level 5 in Spellcasting
  1400 | D:4      | Reached skill level 1 in Dodging
  1410 | D:4      | Reached XP level 3. HP: 19/19 MP: 9/11
  1445 | D:4      | Learned a level 3 spell: Vampiric Draining
  1508 | D:3      | Reached skill level 1 in Necromancy
  1639 | D:2      | Noticed a black bear
  1875 | D:1      | Reached * piety under Vehumet
  1875 | D:1      | Offered knowledge of Freeze by Vehumet.
  2086 | D:2      | Reached XP level 4. HP: 21/24 MP: 13/13
  2390 | D:2      | Found a faded altar of an unknown god.
  2522 | D:2      | Mangled by an iguana

Illustrated notes

Levels and vault maps discovered:
D:1:      sevenhm_arrival_forest_fort_small_3, layout_rooms,
          chequers_serial_rivers_room_b, minmay_misc_feat_five
D:2:      layout_loops_ring, dreamdust_ecumenical_altar_angels_and_demons,
          serial_shops, shop
D:3:      layout_basic, grunt_temple_overflow_open, minmay_misc_feat_iff
D:4:      layout_basic, nicolae_overflow_quartered_altars, serial_shops,
          nicolae_diamond_shop
D:5:      layout_loops_ring, lemuel_doored_altar, minmay_misc_feat_rows,
          dreamdust_wishing_well

Skill      XL: |  1  2  3  4 |
---------------+-------------+-----
Spellcasting   | 5 |  5.7
Dodging        | 1 |  1.9
Necromancy     | 1 2 |  2.0
Short Blades   | |  0.8
Stealth        | |  1.4
Shields        | |  1.9
Conjurations   | |  0.5
Translocations | |  2.4
Invocations    | |  1.0

Action                     |  1- 3 |  4- 6 || total
---------------------------+-------+-------++-------
  Melee: Short sword       |    70 |    13 ||    83
  Throw: Dart              |       |     4 ||     4
   Cast: Apportation       |    46 |     3 ||    49
         Magic Dart        |    60 |     9 ||    69
         Blink             |     6 |     5 ||    11
         Vampiric Draining |       |     7 ||     7
    Use: Scroll            |     1 |     1 ||     2
   Stab: Sleeping          |     2 |       ||     2
 Armour: Robe              |    14 |     1 ||    15
  Dodge: Dodged            |    65 |    13 ||    78
  Block: Buckler           |    11 |     2 ||    13
